 Dungeon Crawl Stone Soup version 0.26-a0-497-g0187308201 (webtiles) character file.

Game seed: 1983752518945925629

6601 ANON1729 the Fighter (level 11, -8/119 HPs)
             Began as an Ogre Hunter on Aug 6, 2020.
             Was an Initiate of Fedhas.
             Mangled by a warg (20 damage)
             ... on level 10 of the Dungeon.
             The game lasted 00:22:06 (13051 turns).

ANON1729 the Fighter (Ogre Hunter)                 Turns: 13051, Time: 00:22:06

Health: -8/119     AC:  4    Str: 31    XL:     11   Next: 2%
Magic:  11/11      EV: 12    Int: 12    God:    Fedhas [......]
Gold:   90         SH:  0    Dex:  9    Spells: 10/10 levels left

rFire    . . .     SeeInvis +   X - +4 scimitar (flame)
rCold    . . .     Faith    .   (no shield)
rNeg     . . .     Spirit   .   a - +0 robe "Voptuidiav" {Harm Str+4 SInv} (curse)
rPois    .         Reflect  .   (helmet restricted)
rElec    .         Harm     +   t - +0 cloak
rCorr    .                      (gloves unavailable)
MR       +....                  (boots unavailable)
Stlth    +++.......             (no amulet)
HPRegen  0.29/turn              R - +6 ring of strength
MPRegen  0.12/turn              T - +4 ring of slaying

@: no status effects
A: large, unfitting armour, tough skin 1
a: Renounce Religion


You were on level 10 of the Dungeon.
You worshipped Fedhas.
Fedhas was noncommittal.
You visited 2 branches of the dungeon, and saw 11 of its levels.
You also visited: Sewer.

You collected 472 gold pieces.
You spent 382 gold pieces at shops.

Inventory:

Hand Weapons
 u - a +3 quarterstaff of chaos
 X - a +4 scimitar of flaming (weapon)
Missiles
 c - a large rock (quivered)
 d - a throwing net
 e - 14 boomerangs
 g - 2 javelins
 L - 49 poisoned darts
 W - 3 atropa-tipped darts
Armour
 a - the cursed +0 robe "Voptuidiav" (worn) {Harm Str+4 SInv}
   (You bought it in a shop on level 8 of the Dungeon)

   It affects your strength (+4).
   It lets you see invisible.
   It increases damage dealt and taken.
   It has a curse placed upon it.
 b - a +0 robe
 t - a +0 cloak (worn)
 z - a +2 tower shield of protection
 H - a +0 buckler
 K - +0 steam dragon scales
Jewellery
 w - an uncursed ring of ice
 P - an uncursed ring of ice
 R - a +6 ring of strength (left hand)
 T - a +4 ring of slaying (right hand)
 Y - a +6 ring of strength
 Z - a cursed ring of attention {unknown}
Wands
 G - a wand of polymorph (20)
 I - a wand of random effects (51)
 J - a wand of flame (18)
 S - a wand of disintegration (9)
 U - a wand of digging (6)
Scrolls
 f - 2 scrolls of enchant weapon
 i - 4 scrolls of amnesia
 k - 4 scrolls of identify
 l - 2 scrolls of blinking
 m - 6 scrolls of teleportation
 r - 3 scrolls of noise
 s - 2 scrolls of fear {unknown}
 v - 4 scrolls of remove curse
 y - 4 scrolls of immolation
 A - 3 scrolls of enchant armour
 B - 4 scrolls of magic mapping
 C - a scroll of fog {unknown}
Potions
 h - 6 potions of curing {unknown}
 j - a potion of cancellation {unknown}
 n - a potion of invisibility {unknown}
 o - 4 potions of degeneration {unknown}
 p - 4 potions of heal wounds
 q - 6 potions of brilliance {unknown}
 x - a potion of ambrosia {unknown}
 D - a potion of might {unknown}
 E - 2 potions of magic {unknown}
 F - a potion of resistance {unknown}
 M - a potion of haste
 N - a potion of berserk rage {unknown}
 O - a potion of mutation {unknown}
 V - 2 potions of flight {unknown}
Miscellaneous
 Q - a condenser vane (2/4)


   Skills:
 * Level 10.6 Fighting
 * Level 8.9 Throwing
 + Level 6.8 Dodging
 - Level 5.2 Stealth
 + Level 5.7 Shields
 + Level 2.4 Evocations


You had 10 spell levels left.
You didn't know any spells.
Your spell library contained the following spells:

 Spells                   Type           Power        Failure   Level
 Magic Dart               Conj           #...         32%         1
 Blink                    Tloc           N/A          45%         2
 Call Imp                 Summ           #.......     45%         2
 Slow                     Hex            #.......     45%         2
 Confusing Touch          Hex            #.......     69%         3
 Conjure Flame            Conj/Fire      #.......     69%         3
 Gell's Gravitas          Tloc           #.........   69%         3
 Mephitic Cloud           Conj/Pois/Air  #.......     69%         3
 Petrify                  Tmut/Erth      #.......     97%         4
 Bolt of Magma            Conj/Fire/Erth #.........   100%        5
 Iskenderun's Battlesphe  Conj           #.......     100%        5
 Metabolic Englaciation   Hex/Ice        #.........   100%        5
 Yara's Violent Unravell  Hex/Tmut       #.........   100%        5
 Iron Shot                Conj/Erth      #.........   100%        6
 Orb of Destruction       Conj           #.........   100%        7
 Spellforged Servitor     Conj/Summ      #.........   100%        7


Dungeon Overview and Level Annotations

Branches:
Dungeon (10/15)            Temple (1/1) D:7            Lair (0/6) D:8
  Sewer (visited)
    Orc: D:9-12

Altars:
Ashenzari
Cheibriados
Dithmenos
Elyvilon
Fedhas
Gozag
Hepliaklqana
Kikubaaqudgha
Makhleb
Nemelex Xobeh
Okawaru
Qazlal
Ru
Sif Muna
Trog
Uskayaw
Vehumet
Wu Jian
Xom
Yredelemnul
Zin
The Shining One

Shops:
D:8 *=}[?


Innate Abilities, Weirdness & Mutations

You are too large for most types of armour.
You have tough skin. (AC +1)


Message History

The warg is severely wounded.
The warg bites you!
* * * LOW HITPOINT WARNING * * *
The warg bites you but does no damage.
Throwing (i - inventory. (/) - cycle)
c - 3 large rocks (quivered)
Press: ? - help, Shift-Dir - straight line, f - warg
Aim: a warg (moderately wounded)
You throw a large rock. The large rock closely misses the warg.
The large rock barely misses the warg.
The large rock barely misses the orc.
You hear a splash.
The warg closely misses you. The warg bites you!
* * * LOW HITPOINT WARNING * * *
Throwing (i - inventory. (/) - cycle)
c - 2 large rocks (quivered)
Press: ? - help, Shift-Dir - straight line, f/p - warg
Aim: a warg (moderately wounded)
You throw a large rock. The large rock hits the warg!
The warg is severely wounded.
The warg bites you!
You die...
Fedhas appreciates your contribution to the ecosystem.

P...≈≈≈≈≈≈≈≈≈≈≈≈≈≈≈≈≈≈≈.
........................
########................
#.......#########
#......o# #.#####.# #.#
#h# #.# #h# #.# #@# #.#
#.# #.# #.# #.# #.# ##.#
#.##### #..# #.....#
#..# #.....#
#..#####.....#
#............#


You could see 2 wargs and an orc.

Vanquished Creatures
  Erica (D:8)
  Maggie (D:6)
  A centaur skeleton (D:10)
  Prince Ribbit (D:6)
  A snapping turtle (shapeshifter) (D:8)
  Grinder (D:5)
  3 hippogriffs
  5 yaks
  Sigmund (D:5)
  A wyvern (D:6)
  Menkaure (D:6)
  An orc warrior (D:9)
  An ice beast (D:9)
  2 eyes of draining
  A phantom (D:9)
  An ogre (D:7)
  3 centaurs
  A wyvern zombie (D:9)
  4 bullfrogs
  4 scorpions
  A water moccasin skeleton (D:8)
  6 killer bees (D:8)
  6 wights
  7 howler monkeys
  8 orc priests
  5 hounds
  A jelly (D:9)
  A bullfrog skeleton (D:9)
  10 orc wizards
  Ijyb (D:4)
  Crazy Yiuf (D:2)
  A worker ant (D:5)
  A hound skeleton (D:7)
  A howler monkey zombie (D:5)
  11 adders
  3 river rats (Sewer)
  A shadow imp (D:7)
  2 white imps (D:8)
  2 ufetubi (D:5)
  3 oozes
  2 adder skeletons
  4 worms
  A dart slug (D:1)
  12 leopard geckos
  39 orcs
  7 ball pythons
  4 giant cockroaches
  9 goblins
  8 hobgoblins
  19 jackals
  8 kobolds
  5 quokkas
  12 bats
  15 frilled lizards
  A quokka skeleton (D:7)
  22 rats
275 creatures vanquished.

Notes
Turn   | Place    | Note
-------+----------+-------------------------------------------
     0 | D:1      | ANON1729 the Ogre Hunter began the quest for the Orb.
     0 | D:1      | Reached XP level 1. HP: 22/22 MP: 1/1
    53 | D:1      | Found a shimmering altar of Xom.
   101 | D:1      | Reached XP level 2. HP: 21/29 MP: 2/2
   119 | D:1      | Reached skill level 3 in Fighting
   119 | D:1      | Reached skill level 1 in Stealth
   733 | D:1      | Reached XP level 3. HP: 23/37 MP: 3/3
  1789 | D:2      | Reached XP level 4. HP: 31/46 MP: 4/4
  2106 | D:2      | Found a sacrificial altar of Ru.
  2494 | D:2      | Found a glowing golden altar of the Shining One.
  2494 | D:2      | Found a sacrificial altar of Ru.
  2499 | D:2      | Found an opulent altar of Gozag.
  2501 | D:2      | Found a faded altar of an unknown god.
  2502 | D:2      | Found a faded altar of an unknown god.
  2669 | D:2      | Reached skill level 4 in Fighting
  3038 | D:2      | Found a runed translucent door.
  3039 | D:2      | Noticed Crazy Yiuf
  3072 | D:2      | Killed Crazy Yiuf
  3072 | D:2      | Reached XP level 5. HP: 54/54 MP: 5/5
  3671 | D:3      | Reached XP level 6. HP: 49/63 MP: 6/6
  4017 | D:4      | Reached skill level 5 in Throwing
  4234 | D:4      | Reached skill level 5 in Fighting
  4366 | D:4      | Found a glowing drain.
  4393 | Sewer    | Entered a sewer
  4419 | Sewer    | Reached skill level 1 in Shields
  4507 | Sewer    | Reached XP level 7. HP: 53/72 MP: 7/7
  4864 | D:4      | Noticed Ijyb
  4897 | D:4      | Killed Ijyb
  5400 | D:5      | Entered Level 5 of the Dungeon
  5714 | D:5      | Noticed Grinder
  5733 | D:5      | Killed Grinder
  5918 | D:5      | Reached skill level 6 in Fighting
  5918 | D:5      | Reached XP level 8. HP: 34/83 MP: 8/8
  6451 | D:5      | Found a shimmering blue altar of Sif Muna.
  6864 | D:6      | Noticed Edmund
  6968 | D:6      | Noticed Sigmund
  6984 | D:5      | Killed Sigmund
  6996 | D:6      | Noticed Prince Ribbit
  7022 | D:6      | Killed Prince Ribbit
  7022 | D:6      | Reached skill level 7 in Fighting
  7247 | D:6      | Noticed Maggie
  7275 | D:6      | Killed Maggie
  7275 | D:6      | Reached XP level 9. HP: 41/93 MP: 9/9
  7659 | D:6      | Noticed Menkaure
  7661 | D:6      | Killed Menkaure
  7661 | D:6      | Reached skill level 5 in Dodging
  7694 | D:6      | Found a shattered altar of Ashenzari.
  7932 | D:6      | Noticed Edmund
  7932 | D:6      | Edmund changed into Edmund the wyvern
  7937 | D:6      | Killed Edmund the wyvern
  8387 | D:7      | Reached skill level 8 in Fighting
  8453 | D:7      | Found a staircase to the Ecumenical Temple.
  8475 | Temple   | Entered the Ecumenical Temple
  9079 | D:8      | Found Nulal's General Store.
  9092 | D:8      | Reached skill level 5 in Stealth
  9301 | D:8      | Found Feacy's Jewellery Shop.
  9305 | D:8      | Found a staircase to the Lair.
  9548 | D:8      | Found Jaidghue's Gadget Emporium.
  9555 | D:8      | Bought a condenser vane (4/4) for 240 gold pieces
  9555 | D:8      | Found Sadgham's Antique Armour Shop.
  9605 | D:8      | Found a shimmering blue altar of Sif Muna.
  9887 | D:8      | Reached XP level 10. HP: 55/106 MP: 10/10
 10224 | D:8      | Found Qihegiud's Magic Scroll Boutique.
 10308 | D:8      | Reached skill level 9 in Fighting
 10308 | D:8      | Reached skill level 5 in Shields
 10722 | D:8      | Noticed Erica
 10736 | D:8      | Killed Erica
 10736 | D:8      | Reached skill level 1 in Evocations
 11380 | D:8      | Bought a sheer robe for 142 gold pieces
 11390 | D:8      | Identified the cursed +0 robe "Voptuidiav" {Harm Str+4
                  | SInv} (You bought it in a shop on level 8 of the Dungeon)
 12004 | D:9      | Reached skill level 10 in Fighting
 12048 | D:9      | Found a blossoming altar of Fedhas.
 12053 | D:9      | Found a burning altar of Makhleb.
 12053 | D:9      | Found an ancient bone altar of Kikubaaqudgha.
 12062 | D:9      | Found a bloodstained altar of Trog.
 12065 | D:9      | Found a glowing silver altar of Zin.
 12083 | D:9      | Became a worshipper of Fedhas Madash
 12214 | D:10     | Entered Level 10 of the Dungeon
 12246 | D:10     | Noticed a brown ugly thing
 12998 | D:10     | Reached XP level 11. HP: 104/119 MP: 11/11
 13051 | D:10     | Mangled by a warg

Illustrated notes

Levels and vault maps discovered:
D:1:      dpeg_arrival_signposts, layout_basic, xom_teletrap_fun
D:2:      layout_loops_ring, chequers_temple_overflow_minitemple, serial_glass,
          glass_columns_a, glass_columns_a, grunt_ministairs_1,
          nicolae_ru_sacrificial_ziggurat, uniq_crazy_yiuf_cottage
D:3:      layout_loops_ring, minmay_stone_trees_large, minmay_distorted
D:4:      layout_cave_pools, cheibrodos_sewer_entry_sluice, uniq_ijyb
D:5:      layout_basic, roderic_three_in_a_row, lemuel_blue_sif_altar,
          uniq_grinder
D:6:      layout_loops_ring, basic_altar, minmay_misc_feat_cross,
          uniq_prince_ribbit1, uniq_maggie, uniq_sigmund, uniq_edmund,
          uniq_menkaure
D:7:      layout_gridville, minmay_temple_entry_ruins
D:8:      layout_layer_cave, lemuel_crystal_altar, lair_entry_dummy,
          serial_shops, shop, shop, shop, shop, shop_statue, minivault_11,
          hangedman_abyss_or_decor_lesser_grid, skrybe_limestone_x,
          grunt_decor_cap, uniq_erica
D:9:      layout_big_octagon, minmay_overflow_temple_star_hex
D:10:     lemuel_castle_with_subvaults [lemuel_castle_interior_original],
          layout_irregular_city, serial_shops, nicolae_shop_waterfront,
          kennysheep_generic_room_5, uniq_grum
Temple:   dshaligram_water_room_temple

Skill      XL: |  1  2  3  4  5  6  7  8  9 10 |
---------------+-------------------------------+-----
Fighting       | 3 4 5 6 7 8 10 | 10.6
Dodging        | 2 3 4 6 |  6.8
Stealth        | 1 2 3 4 5 |  5.2
Throwing       | 5 6 7 8 |  8.9
Shields        | 1 2 3 4 5 |  5.7
Evocations     | 2 |  2.4

Action                   |  1- 3 |  4- 6 |  7- 9 | 10-12 || total
-------------------------+-------+-------+-------+-------++-------
Melee: Short sword       |   152 |   106 |       |       ||   258
       Quarterstaff      |       |   125 |   263 |    43 ||   431
       Unarmed           |       |       |    10 |       ||    10
       Scimitar          |       |       |     5 |    46 ||    51
Throw: Large rock        |     7 |     7 |     9 |     6 ||    29
       Throwing net      |       |     2 |     1 |     1 ||     4
       Boomerang         |       |     3 |     6 |    45 ||    54
       Javelin           |       |       |    11 |     2 ||    13
Evoke: Condenser vane    |       |       |     1 |     2 ||     3
       Wand              |       |       |       |     3 ||     3
  Use: Potion            |       |       |     2 |       ||     2
       Scroll            |       |       |    10 |       ||    10
 Stab: Sleeping          |     1 |     9 |     6 |     1 ||    17
       Paralysed         |       |     2 |       |       ||     2
       Distracted        |       |     1 |     1 |       ||     2
       Confused          |       |       |     4 |       ||     4
Armor: Robe              |    65 |    91 |    37 |     7 ||   200
       Steam dragon scal |       |       |    57 |    18 ||    75
Dodge: Dodged            |   106 |   159 |   240 |    71 ||   576
       Rpst.: Scimitar   |       |       |     1 |    18 ||    19

Table legend: (Time is in decaauts)
 A = Elapsed time spent in this place.
 B = Non-inter-level travel time spent in this place.
 C = Inter-level travel time spent in this place.
 D = Time resting spent in this place.
 E = Time spent auto-exploring this place.
 F = Levels seen in this place.
 G = Mean time per level.
                   A        B        C        D        E       F      G
               +--------+--------+--------+--------+--------+-----+--------+
         Total |  13305 |  12872 |    433 |   5614 |   4950 |  12 | 1108.8 |
       Dungeon |  12747 |  12337 |    410 |   5614 |   4609 |  10 | 1274.7 |
        Temple |    132 |    109 |     23 |      0 |    109 |   1 |  132.0 |
         Sewer |    426 |    426 |      0 |      0 |    231 |   1 |  426.0 |
               +--------+--------+--------+--------+--------+-----+--------+

Top non-repeatable levels by time:
     D:8: 2160 daAuts
     D:2: 1621 daAuts
     D:5: 1531 daAuts
     D:1: 1529 daAuts
     D:9: 1527 daAuts
     D:6: 1403 daAuts
     D:3: 1064 daAuts
     D:4: 902 daAuts
     D:7: 869 daAuts
   Sewer: 426 daAuts
    D:10: 136 daAuts
  Temple: 132 daAuts
